 Dungeon Crawl Stone Soup version 0.30-a0-576-g89cddaab80 (webtiles) character file.

Game seed: 2714545948526278169

182 wormed the Shooter (level 5, -1/27 HPs)
             Began as a Spriggan Hunter on Dec 31, 2022.
             Slain by an ice beast (14 damage)
             ... on level 5 of the Dungeon.
             The game lasted 00:02:44 (2578 turns).

wormed the Shooter (Spriggan Hunter)                Turns: 2578, Time: 00:02:45

Health: -1/27      AC:  3    Str:  7    XL:     5   Next: 35%
Magic:  6/6        EV: 19    Int: 11    God:
Gold:   145        SH:  0    Dex: 20    Spells: 4/4 levels left

rFire   . . .      SeeInvis +    a - +0 shortbow
rCold   . . .      Faith    .    (shield currently unavailable)
rNeg    . . .      Spirit   .    c - +1 robe
rPois   .          Reflect  .    (helmet restricted)
rElec   .          Harm     .    (no cloak)
rCorr   .          Rampage  .    (gloves unavailable)
Will    .....                    (boots unavailable)
Stlth   +++                      (no amulet)
HPRegen 0.24/turn                (no ring)
MPRegen 0.10/turn                (no ring)

@: very quick
A: very small, no large weapons, unfitting armour, see invisible, speed 3
a: no special abilities


You were on level 5 of the Dungeon.
You visited 1 branch of the dungeon, and saw 5 of its levels.

You collected 145 gold pieces.

Inventory:

Hand Weapons
 a - a +0 shortbow (weapon)
Armour
 c - a +1 robe (worn)
Wands
 s - a wand of roots (7)
Scrolls
 b - a scroll of immolation
 e - a scroll of identify
 f - a scroll of teleportation
 g - a scroll of noise {unknown}
 h - 2 scrolls of enchant armour
 l - a scroll of butterflies {unknown}
 n - a scroll of acquirement {unknown}
 o - a scroll of fear {unknown}
 p - a scroll of vulnerability {unknown}
 r - a scroll of enchant weapon {unknown}
Potions
 d - 3 potions of might {unknown}
 i - a potion of heal wounds {unknown}
 j - a potion of cancellation {unknown}
 k - a potion of magic {unknown}
 m - 2 potions of curing {unknown}
 q - a potion of brilliance {unknown}


   Skills:
 + Level 2.4 Fighting
 * Level 5.2 Ranged Weapons
 + Level 4.0 Dodging
 + Level 3.9 Stealth


You had 4 spell levels left.
You didn't know any spells.
Your spell library was empty.

Dungeon Overview and Level Annotations

Branches:
Dungeon (5/15)
 Temple: D:4-7

Altars:

Annotations:
D:4 Pikel


Innate Abilities, Weirdness & Mutations

You are very small and have problems with some larger weapons.
You are too small for most types of armour.
You have supernaturally acute eyesight. (SInv)
You cover ground extremely quickly. (Speed+++)


Message History

f - 2 scrolls of teleportation
As you read the scroll of teleportation, it crumbles to dust.
You feel strangely unstable.
The orc shouts!
The phantom completely misses you.
The orc priest looks braver for a moment.
The orc misses you.
Your surroundings suddenly seem different.
An ice beast comes into view.
Found a stone staircase leading down.
You shoot an arrow. The arrow closely misses the ice beast.
You shoot an arrow. The arrow barely misses the ice beast.
You shoot an arrow. The arrow hits the ice beast.
The ice beast is moderately wounded.
You shoot an arrow. The arrow closely misses the ice beast.
You shoot an arrow. The arrow hits the ice beast.
The ice beast is moderately wounded.
You shoot an arrow. The arrow hits the ice beast.
The ice beast is heavily wounded.
The ice beast misses you.
You shoot an arrow. The arrow hits the ice beast.
The ice beast is severely wounded.
The ice beast completely misses you.
You shoot an arrow. The arrow hits the ice beast.
The ice beast is severely wounded.
The ice beast hits you but does no damage.
The ice beast completely misses you.
You shoot an arrow. The arrow barely misses the ice beast.
The ice beast completely misses you.
You shoot an arrow. The arrow hits the ice beast.
The ice beast is almost dead.
The ice beast hits you. The ice beast freezes you!
You are too injured to fight recklessly!
You shoot an arrow. The arrow barely misses the ice beast.
You shoot an arrow. The arrow hits the ice beast.
The ice beast is almost dead.
The ice beast hits you but does no damage.
The ice beast hits you. The ice beast freezes you!
Ouch! That really hurt!
You die...

#..........#.#.#
#.#....#.#.#.#.#
.....#.#Y# # #.#
#.####.#.# #.# .
#.#.# #.#
###.###.#.#
##.....#.#
#...####Y#
#......@.#
###.###### #.#
#### ..# #..#
#### ##.# #
#†######## #≈
#......W.#
##≈≈#.....oo.#


You could see an ice beast.

Vanquished Creatures
  A scorpion (D:3)
  Terence (D:2)
  4 adders
  5 dart slugs
  2 orcs (D:3)
  7 ball pythons
  6 endoplasms
  2 giant cockroaches
  3 goblins
  A hobgoblin (D:2)
  3 jackals (D:1)
  2 quokkas
  2 bats
  A frilled lizard (D:1)
  4 kobolds
  3 rats
47 creatures vanquished.

Vanquished Creatures (others)
  2 plants (D:5)
2 creatures vanquished.

Grand Total: 49 creatures vanquished

Notes
Turn   | Place    | Note
-------+----------+-------------------------------------------
     0 | D:1      | wormed the Spriggan Hunter began the quest for the Orb.
     0 | D:1      | Reached XP level 1. HP: 10/10 MP: 2/2
   179 | D:1      | Reached XP level 2. HP: 15/15 MP: 3/3
  1202 | D:2      | Reached XP level 3. HP: 18/18 MP: 4/4
  1398 | D:2      | Noticed Terence
  1470 | D:2      | Killed Terence
  1656 | D:2      | Reached XP level 4. HP: 23/23 MP: 5/5
  2153 | D:3      | Noticed a scorpion
  2272 | D:3      | Killed a scorpion
  2273 | D:3      | Reached skill level 5 in Ranged Weapons
  2273 | D:3      | Reached XP level 5. HP: 27/27 MP: 6/6
  2386 | D:4      | Noticed an ogre
  2432 | D:4      | Noticed Pikel
  2434 | D:4      | Noticed a lemure
  2434 | D:4      | Noticed a lemure
  2434 | D:4      | Noticed a lemure
  2450 | D:5      | Entered Level 5 of the Dungeon
  2471 | D:5      | Noticed a phantom
  2499 | D:5      | Noticed an ice beast
  2578 | D:5      | Slain by an ice beast

Illustrated notes

Levels and vault maps discovered:
D:1:      kennysheep_arrival_seaside, layout_loops_ring,
          serial_co_window_serial, co_window_cross_1, co_window_paths_a,
          co_window_paths_b, co_window_paths_a, co_window_paths_a,
          co_window_corner_b, co_window_of_opportunity_b, co_window_2corner,
          co_window_broadway_c, co_window_of_opportunity_c,
          co_window_broadway_b, co_window_paths_e, glass_columns_b,
          glass_columns_b, glass_columns_c, glass_columns_b, glass_columns_a,
          minmay_tetromino_i2
D:2:      layout_basic, uniq_terence
D:3:      layout_rooms
D:4:      layout_rooms, marbit_many_paths, minmay_shop_grid_forest, uniq_pikel
D:5:      wad_lake_hut, layout_basic, mainiacjoe_overflow_six_doors_small,
          serial_rivers, chequers_serial_rivers_room_a,
          chequers_serial_rivers_small_a, chequers_serial_rivers_micro_c,
          chequers_serial_rivers_small_3

Skill      XL: |  1  2  3  4  5 |
---------------+----------------+-----
Stealth        | 2 3 |  3.9
Dodging        | 3 4 |  4.0
Fighting       | 2 |  2.4
Ranged Weapons | 5 |  5.2

Action                   |  1- 3 |  4- 6 || total
-------------------------+-------+-------++-------
 Fire: Shortbow          |    83 |    87 ||   170
  Use: Scroll            |       |     3 ||     3
Armor: Robe              |     4 |     4 ||     8
Dodge: Dodged            |    37 |    23 ||    60

Table legend: (Time is in decaauts)
 A = Elapsed time spent in this place.
 B = Non-inter-level travel time spent in this place.
 C = Inter-level travel time spent in this place.
 D = Time resting spent in this place.
 E = Time spent auto-exploring this place.
 F = Levels seen in this place.
 G = Mean time per level.
                   A        B        C        D        E       F      G
               +--------+--------+--------+--------+--------+-----+--------+
         Total |   1717 |   1656 |     61 |      0 |   1195 |   5 |  343.4 |
       Dungeon |   1717 |   1656 |     61 |      0 |   1195 |   5 |  343.4 |
               +--------+--------+--------+--------+--------+-----+--------+

Top non-repeatable levels by time:
     D:1: 671 daAuts
     D:2: 533 daAuts
     D:3: 352 daAuts
     D:5: 107 daAuts
     D:4: 52 daAuts
